 Dungeon Crawl Stone Soup version 0.28.0-53-g5a82cb258f (webtiles) character file.

Game seed: 14833316872368664301

93 DocClef the Skirmisher (level 4, -2/42 HPs)
             Began as a Draconian Fighter on June 29, 2022.
             Killed from afar by Sigmund (6 damage)
             ... with a magic dart
             ... on level 2 of the Dungeon.
             The game lasted 00:02:04 (1788 turns).

DocClef the Skirmisher (Draconian Fighter)          Turns: 1788, Time: 00:02:05

Health: -2/42      AC:  5    Str: 20    XL:     4   Next: 37%
Magic:  4/4        EV: 12    Int:  8    God:
Gold:   69         SH:  4    Dex: 11    Spells: 3/3 levels left

rFire   . . .      SeeInvis .   a - +0 flail
rCold   . . .      Faith    .   b - +0 buckler
rNeg    . . .      Spirit   .   (armour unavailable)
rPois   .          Reflect  .   (helmet restricted)
rElec   .          Harm     .   (no cloak)
rCorr   .          Rampage  .   (no gloves)
Will    .....                   (no boots)
Stlth   +.........              (no amulet)
HPRegen 0.14/turn               (no ring)
MPRegen 0.09/turn               (no ring)

@: no status effects
A: AC +5, unfitting armour, cold-blooded
a: no special abilities


You were on level 2 of the Dungeon.
You visited 1 branch of the dungeon, and saw 2 of its levels.

You collected 69 gold pieces.

Inventory:

Hand Weapons
 a - a +0 flail (weapon)
Armour
 b - a +0 buckler (worn)
Scrolls
 c - a scroll of blinking {unknown}
 g - a scroll of identify {unknown}


   Skills:
 - Level 5.0 Fighting
 + Level 3.2 Maces & Flails
 - Level 2.6 Dodging
 - Level 3.0 Shields


You had 3 spell levels left.
You didn't know any spells.
Your spell library was empty.

Dungeon Overview and Level Annotations

Branches:
Dungeon (2/15)

Altars:

Annotations:
D:2 Sigmund


Innate Abilities, Weirdness & Mutations

Your plain brown scales are hard. (AC +5)
You cannot fit into any form of body armour.
You are cold-blooded and may be slowed by cold attacks.


Message History

Sigmund gestures at you while chanting.
You are confused.
You bump into the rock wall.
Sigmund hits you with a +0 scythe.
You miss Sigmund.
Sigmund is heavily wounded.
Sigmund barely misses you.
You bump into the rock wall.
You bump into the rock wall.
Sigmund casts a spell.
Sigmund flickers and vanishes!
Deactivating autopickup; reactivate with Ctrl-A.
You bump into the rock wall.
Something hits you.
You miss something. Something hits you!
You bump into the rock wall.
You feel less confused.
You hear some strange, mumbled words.
You are confused.
You bump into the rock wall.
Something hits you!
You feel better.
You miss something. You tail-slap something. You block something's attack.
You closely miss something.
You are starting to lose your buoyancy.
Something hits you!
You miss something. Something hits you but does no damage.
You hear some strange, mumbled words.
You are confused.
You bump into the rock wall.
Something hits you!
* * * LOW HITPOINT WARNING * * *
You bump into the rock wall.
You bump into the rock wall.
Something hits you but does no damage.
A magic dart appears from out of thin air!
The magic dart hits you.
* * * LOW HITPOINT WARNING * * *
You bump into the rock wall.
You bump into the rock wall.
You float gracefully downwards.
You feel less confused. Something hits you but does no damage.
A magic dart appears from out of thin air!
The magic dart hits you.
You die...

#.####.##+#.#
#..#.#..#{#
#..'.'.[#.#
#.#+##.####g#
###
#......{.{..#
..#
#.#+##.####.#
..# #.#..#.#
..# #.#
+.+..#.# ..#
#.####@##'#.#
..#######
#...........#
........#
#.####†##'#.#
#....^..#
#.#..#.#..#.#
#.......#
#.#..'.)..#.#
#.......#
#.#'##.####.#
#.......#
#...........#
........#
#.#+##.####.#
........# #.#
#.# #.#


There were no monsters in sight!

Vanquished Creatures
  Robin (D:2)
  An adder (D:2)
  A worm (D:1)
  2 dart slugs
  3 orcs (D:2)
  7 endoplasms
  4 giant cockroaches (D:1)
  13 goblins
  8 hobgoblins
  2 jackals (D:1)
  A kobold (D:1)
  5 ball pythons
  2 bats
  5 rats
55 creatures vanquished.

Notes
Turn   | Place    | Note
-------+----------+-------------------------------------------
     0 | D:1      | DocClef the Draconian Fighter began the quest for the Orb.
     0 | D:1      | Reached XP level 1. HP: 19/19 MP: 1/1
   248 | D:1      | Reached skill level 4 in Fighting
   248 | D:1      | Reached XP level 2. HP: 24/27 MP: 2/2
   863 | D:1      | Reached XP level 3. HP: 34/34 MP: 3/3
  1165 | D:2      | Reached skill level 5 in Fighting
  1269 | D:2      | Noticed Robin
  1300 | D:2      | Killed Robin
  1301 | D:2      | Reached XP level 4. HP: 15/42 MP: 4/4
  1748 | D:2      | Noticed Sigmund
  1775 | D:2      | HP: 2/42 [something/magic dart (6)]
  1788 | D:2      | Killed from afar by Sigmund

Illustrated notes

Levels and vault maps discovered:
D:1:      eino_arrival_water_cross, layout_loops_cross,
          minmay_misc_feat_ornament, minmay_worlds_worst_comb
D:2:      minmay_door_path, layout_basic, guppyfry_early_orc_mine, uniq_robin,
          uniq_sigmund

Skill      XL: |  1  2  3  4 |
---------------+-------------+-----
Fighting       | 4 5 |  5.0
Maces & Flails | 3 |  3.2
Dodging        | |  2.6
Shields        | |  3.0

Action                   |  1- 3 |  4- 6 || total
-------------------------+-------+-------++-------
Melee: Flail             |   109 |    37 ||   146
       Tailslap          |    13 |     3 ||    16
  Use: Potion            |     1 |     5 ||     6
 Stab: Sleeping          |       |     1 ||     1
Armor: Skin              |    37 |    13 ||    50
Dodge: Dodged            |    64 |    20 ||    84
Block: Buckler           |    29 |     5 ||    34
